 Dungeon Crawl Stone Soup version 0.31-a0-1522-g43313d8a59 (webtiles) character file.

Game seed: 14487196769379481606

4 AstroCodex24 the Covered (level 1, 0/15 (18) HPs)
             Began as a Demigod Fighter on Dec 30, 2023.
             Slain by Edmund
             ... wielding a +2 flail of draining
              (2 damage)
             ... on level 5 of the Dungeon.
             The game lasted 00:01:05 (272 turns).

AstroCodex24 the Covered (Demigod Fighter)           Turns: 272, Time: 00:01:06

HP:   0/15 (18)     AC:  6    Str: 17    XL:     1   Next: 40%
MP:   3/3           EV:  9    Int: 10    God:
Gold: 53            SH:  4    Dex: 13    Spells: 0/0 levels left

rFire   . . .        a - +0 war axe
rCold   . . .        c - +0 buckler
rNeg    . . .        b - +0 scale mail
rPois   .            (no helmet)
rElec   .            (no cloak)
rCorr   .            (no gloves)
SInv    .            (no boots)
Will    .....        (no amulet) Stlth
                     (no ring)
HPRegen 0.22/turn    (no ring)
MPRegen 0.08/turn

%: no passive effects
@: heavily drained
A: high MP 1, forlorn, divine attributes
a: no special abilities


You were on level 5 of the Dungeon.
You visited 1 branch of the dungeon, and saw 5 of its levels.

You collected 53 gold pieces.

Inventory:

Hand Weapons
 a - a +0 war axe (weapon)
Armour
 b - a +0 scale mail (worn)
 c - a +0 buckler (worn)
Jewellery
 f - a ring of flight
Scrolls
 e - a scroll of immolation {unknown}
 g - a scroll of identify {unknown}
Potions
 d - a potion of might


   Skills:
 + Level 2.7 Fighting
 + Level 1.8 Axes
 + Level 2.8 Armour
 + Level 2.7 Shields


You couldn't memorise any spells.
You didn't know any spells.
Your spell library was empty.

Dungeon Overview and Level Annotations

Branches:
Dungeon (5/15)
 Temple: D:4-7

Annotations:
D:5 Edmund


Innate Abilities, Weirdness & Mutations

You have an increased reservoir of magic. (+10% MP)
You shall have no god before yourself.
Your divine heritage dramatically boosts your attributes as you level up.


Message History

Found a spear.
You now have 14 gold pieces.
You see here a +0 spear.
Found a scroll labelled FYMNITAVYME.
Found 5 gold pieces.
Found a stone staircase leading up.
e - a scroll labelled FYMNITAVYME
There is a stone staircase leading up here.
You now have 19 gold pieces (gained 5).
Found 16 gold pieces.
Found a tourmaline ring and a scroll labelled SECZEZ ZOIS.
You now have 35 gold pieces (gained 16).
Found 18 gold pieces.
Found a stone staircase leading down.
f - a ring of flight
g - a scroll labelled SECZEZ ZOIS You now have 53 gold pieces (gained 18).
There is a stone staircase leading down here.
You climb downwards.
Edmund shouts!
Found an escape hatch in the floor.
Found a stone staircase leading down.
There is a stone staircase leading up here.
You climb upwards.
There is a stone staircase leading down here.
There is a stone staircase leading down here.
You climb downwards.
Level annotation: Edmund Edmund hits you with a +2 flail of draining.
You feel drained.
There is a stone staircase leading up, spattered with blood here.
You barely miss Edmund.
Edmund hits you with a +2 flail of draining.
You feel drained. Edmund closely misses you.
You hit Edmund.
Edmund is lightly wounded.
Edmund hits you with a +2 flail of draining!
* * * LOW HITPOINT WARNING * * *
You feel drained.
You die...
Edmund whines, "They better pay attention to me now!"

##....... ..
....#..# ..#
#...#>.###... .
#.......#....
..#............
.............##
..............#
.>....@@.......
........##....#
..#.##... ...
#. #..## . ....
..... .....
.......


You could see Edmund.

Vanquished Creatures
  An endoplasm (D:2)
  A goblin (D:2)
  A hobgoblin (D:2)
3 creatures vanquished.

Notes
Turn   | Place    | Note
-------+----------+-------------------------------------------
     0 | D:1      | AstroCodex24 the Demigod Fighter began the quest for the
                  | Orb.
     0 | D:1      | Reached XP level 1. HP: 18/18 MP: 3/3
   238 | D:5      | Entered Level 5 of the Dungeon
   238 | D:5      | Noticed Edmund
   272 | D:5      | Slain by Edmund

Illustrated notes

Levels and vault maps discovered:
D:1:      minmay_arrival_up_and_down, layout_loops_corners,
          hellmonk_ecumenical_altar_watching_god, corner_web_ring,
          chequers_hall_statues_y
D:2:      layout_basic
D:3:      layout_basic, minmay_pentangle, uniq_ijyb
D:4:      layout_cave_pods, general_overflow_altar, mainiacjoe_overflow_chevrons
D:5:      layout_cave_pools, cheibrodos_ashenzari_chains,
          hangedman_decor_clover_reticule, uniq_edmund

Action                     || total
---------------------------++-------
  Melee: War axe           ||    14
 Armour: Scale mail        ||     8
  Dodge: Dodged            ||     7
  Block: Buckler           ||     2

Table legend: (Time is in decaauts)
 A = Elapsed time spent in this place.
 B = Non-inter-level travel time spent in this place.
 C = Inter-level travel time spent in this place.
 D = Time resting spent in this place.
 E = Time spent auto-exploring this place.
 F = Levels seen in this place.
 G = Mean time per level.
                   A        B        C        D        E       F      G
               +--------+--------+--------+--------+--------+-----+--------+
         Total |    278 |    257 |     21 |      0 |      0 |   5 |   55.6 |
       Dungeon |    278 |    257 |     21 |      0 |      0 |   5 |   55.6 |
               +--------+--------+--------+--------+--------+-----+--------+

Top non-repeatable levels by time:
     D:4: 182 daAuts
     D:2: 63 daAuts
     D:1: 21 daAuts
     D:3: 5 daAuts
     D:5: 4 daAuts
